 Dungeon Crawl Stone Soup version 0.29-a0-72-g1732ff48e7 (webtiles) character file.

Game seed: 14205831891162889645

126 HallandMoats the Skirmisher (level 5, 0/47 HPs)
             Began as a Ghoul Monk on Feb 4, 2022.
             Slain by an orc wizard (4 damage)
             ... on level 3 of the Dungeon.
             The game lasted 00:05:43 (3949 turns).

HallandMoats the Skirmisher (Ghoul Monk)            Turns: 3949, Time: 00:05:43

Health: 0/47       AC:  4    Str: 17    XL:     5   Next: 9%
Magic:  5/5        EV: 12    Int:  5    God:
Gold:   126        SH:  0    Dex: 11    Spells: 4/4 levels left

rFire   . . .      SeeInvis .     - Unarmed
rCold   + . .      Faith    .   (no shield)
rNeg    + + +      Spirit   .   a - +0 robe
rPois   ∞          Reflect  .   (no helmet)
rElec   .          Harm     .   f - +1 cloak
rCorr   .          Rampage  .   (no gloves)
Will    .....                   (no boots)
Stlth   ++........              (no amulet)
HPRegen 0.00/turn               (no ring)
MPRegen 0.09/turn               (no ring)

@: inhibited regen
A: claws 1, cold resistance 1, negative energy resistance 3, inhibited
regeneration, torment resistance 2
a: no special abilities


You were on level 3 of the Dungeon.
You visited 1 branch of the dungeon, and saw 4 of its levels.

You collected 126 gold pieces.

Inventory:

Armour
 a - a +0 robe (worn)
 f - a +1 cloak (worn)
Wands
 o - a wand of flame (21)
Scrolls
 b - a scroll of magic mapping
 c - 2 scrolls of teleportation
Potions
 d - 2 potions of brilliance
 e - a potion of heal wounds {unknown}
 h - a potion of flight {unknown}
 j - a potion of degeneration {unknown}
 l - a potion of curing {unknown}


   Skills:
 * Level 4.3 Fighting
 + Level 1.4 Armour
 + Level 3.2 Dodging
 - Level 2.1 Stealth
 * Level 4.1 Unarmed Combat
 + Level 1.4 Invocations


You had 4 spell levels left.
You didn't know any spells.
Your spell library contained the following spells:

 Spells                   Type           Power      Damage    Failure   Level
 Sting                    Tmut/Pois      0%         1d3       47%         1
 Frozen Ramparts          Ice            0%         1d2       85%         3
 Summon Ice Beast         Ice/Summ       0%         N/A       99%         4
 Ice Form                 Ice/Tmut       Unusable   N/A       N/A         4

Dungeon Overview and Level Annotations

Branches:
Dungeon (4/15)             Temple (0/1) D:4

Altars:

Shops:
D:2 :


Innate Abilities, Weirdness & Mutations

You thrive by killing the living.
You are immune to poison.
You have sharp fingernails.
Your flesh is cold resistant. (rC+)
You are immune to negative energy. (rN+++)
You do not regenerate when monsters are visible.
You are immune to unholy pain and torment.


Message History

Unknown command.
The orc wizard mumbles some strange words.
The orc wizard flickers and vanishes!
The orc hits you but does no damage.
You see here a book of Changes.
There is an escape hatch in the ceiling here.
The giant cockroach bites you. A mysterious force pulls you upwards.
The hatch slams shut behind you.
Reactivating autopickup.
Unknown command.
You can't go up here!
You swing at nothing.
You hear some strange, mumbled words.
Deactivating autopickup; reactivate with Ctrl-A.
Something tries to affect you, but you resist.
You swing at nothing.
Something hits you but does no damage. Something hits you.
You swing at nothing.
Something hits you. x2
* * * LOW HITPOINT WARNING * * *
You claw something! Your claw misses something.
Something hits you but does no damage. Something hits you.
* * * LOW HITPOINT WARNING * * *
You hear some strange, mumbled words.
Something tries to affect you, but you resist.
You hear some strange, mumbled words.
Something hits you but does no damage.
A magic dart appears from out of thin air!
The magic dart hits you.
* * * LOW HITPOINT WARNING * * *
A magic dart appears from out of thin air!
The magic dart hits something.
You closely miss something.
An orc wizard appears from thin air!
Reactivating autopickup.
Something hits you.
* * * LOW HITPOINT WARNING * * *
Deactivating autopickup; reactivate with Ctrl-A.
You barely miss something. You miss something. Something hits you.
* * * LOW HITPOINT WARNING * * *
You closely miss something. Something hits you.
You die...

### ##.## ###.#.###########
##......o.@......#
######....#.#########.#
#............# #.#
#.####...###.########.######
#.# ###.####.##(...........#
#.# #.....#...#.########.#.#
#.# #.......#...#
###.#.##### #.#
#..†...###..# #..>.......
#K# #.......#..##
#.#.#####.#


You could see an orc wizard.

Vanquished Creatures
  5 adders
  A dart slug (D:1)
  An orc (D:3)
  8 endoplasms
  4 giant cockroaches
  10 hobgoblins
  5 jackals
  A quokka (D:3)
  6 ball pythons
  6 bats
  3 frilled lizards
  8 goblins
  6 kobolds
  7 rats
  A bush (D:2)
72 creatures vanquished.

Vanquished Creatures (others)
  A fungus (D:2)
  3 plants (D:2)
4 creatures vanquished.

Grand Total: 76 creatures vanquished

Notes
Turn   | Place    | Note
-------+----------+-------------------------------------------
     0 | D:1      | HallandMoats the Ghoul Monk began the quest for the Orb.
     0 | D:1      | Reached XP level 1. HP: 19/19 MP: 0/0
    58 | D:1      | Reached XP level 2. HP: 5/26 MP: 1/1
   876 | D:1      | Reached XP level 3. HP: 32/33 MP: 2/2
  1604 | D:2      | Reached skill level 1 in Armour
  1626 | D:2      | Reached skill level 1 in Invocations
  2082 | D:1      | Reached XP level 4. HP: 32/40 MP: 3/3
  2290 | D:2      | Found Joupp's Book Boutique.
  2385 | D:2      | Found a faded altar of an unknown god.
  2392 | D:2      | Got Plato's Guide on Envenoming
  2470 | D:2      | You fall into a shaft and drop 1 floor!
  3495 | D:3      | Reached XP level 5. HP: 46/46 MP: 5/5
  3949 | D:3      | Slain by an orc wizard

Illustrated notes

Levels and vault maps discovered:
D:1:      psy_arrival_dodecagon, layout_basic, lemuel_another_geyser
D:2:      layout_rooms, serial_forest, infiniplex_forest_straight_3,
          infiniplex_forest_straight_5, infiniplex_forest_clump_tiny,
          infiniplex_forest_straight_3, infiniplex_forest_clump_double,
          infiniplex_forest_end_3, infiniplex_forest_lined_3,
          infiniplex_forest_zigzag_1, infiniplex_forest_straight_4,
          infiniplex_forest_straight_2, serial_shops, nicolae_shop_hallway_plus,
          shapermc_ecumenical_altar_rom_forum
D:3:      layout_loops_ring
D:4:      layout_basic, minmay_temple_entry_tees, uniq_menkaure

Skill      XL: |  1  2  3  4 |
---------------+-------------+-----
Armour         | 1 |  1.4
Invocations    | 1 |  1.4
Dodging        | 3 |  3.2
Fighting       | 4 |  4.3
Unarmed Combat | 4 |  4.1
Stealth        | |  2.1

Action                   |  1- 3 |  4- 6 || total
-------------------------+-------+-------++-------
Melee: Unarmed           |   149 |   183 ||   332
       Punch             |     2 |     4 ||     6
  Use: Scroll            |       |     7 ||     7
 Stab: Sleeping          |     4 |     2 ||     6
Armor: Robe              |    58 |    20 ||    78
Dodge: Dodged            |   147 |    71 ||   218

Table legend: (Time is in decaauts)
 A = Elapsed time spent in this place.
 B = Non-inter-level travel time spent in this place.
 C = Inter-level travel time spent in this place.
 D = Time resting spent in this place.
 E = Time spent auto-exploring this place.
 F = Levels seen in this place.
 G = Mean time per level.
                   A        B        C        D        E       F      G
               +--------+--------+--------+--------+--------+-----+--------+
         Total |   3930 |   3781 |    149 |    843 |   2204 |   4 |  982.5 |
       Dungeon |   3930 |   3781 |    149 |    843 |   2204 |   4 |  982.5 |
               +--------+--------+--------+--------+--------+-----+--------+

Top non-repeatable levels by time:
     D:1: 1904 daAuts
     D:3: 1108 daAuts
     D:2: 812 daAuts
     D:4: 105 daAuts
